 Seeded DCSS version 0.30-a0-591-g3c58d2bc28 (webtiles) character file.

Game seed: 6746111679627384687 (custom seed)

581 purpskrrrp the Shooter (level 7, 0/55 HPs)
             Began as a Formicid Hunter on Jan 5, 2023.
             Slain by an orc wizard
             ... wielding a +0 dagger
              (1 damage)
             ... on level 6 of the Dungeon.
             The game lasted 00:06:08 (3056 turns).

purpskrrrp the Shooter (Formicid Hunter)            Turns: 3056, Time: 00:06:09

Health: 0/55       AC:  3    Str: 16    XL:     7   Next: 63%
Magic:  7/7        EV: 12    Int:  8    God:
Gold:   102        SH:  7    Dex: 19    Spells: 6/6 levels left

rFire   . . .      SeeInvis +    a - +0 shortbow
rCold   . . .      Faith    .    g - +1 buckler {reflect}
rNeg    . . .      Spirit   .    c - +0 leather armour
rPois   .          Reflect  +    (helmet unavailable)
rElec   .          Harm     .    (no cloak)
rCorr   .          Rampage  .    (no gloves)
Will    .....                    (no boots)
Stlth   ++                       (no amulet)
HPRegen 0.29/turn                (no ring)
MPRegen 0.10/turn                (no ring)

@: no status effects
A: permanent stasis, dig shafts and tunnels, antennae 3, four strong arms
a: Dig, Shaft Self


You were on level 6 of the Dungeon.
You visited 1 branch of the dungeon, and saw 4 of its levels.
You also visited: Sewer.

You collected 102 gold pieces.

Inventory:

Hand Weapons
 a - a +0 shortbow (weapon)
Armour
 c - a +0 leather armour (worn)
 g - a +1 buckler of reflection (worn)
Scrolls
 f - a scroll of torment
 l - a scroll of fear
Potions
 b - a potion of invisibility
 d - a potion of experience {unknown}
 e - 5 potions of cancellation
 h - a potion of resistance
 i - a potion of heal wounds
 j - a potion of degeneration {unknown}
 k - a potion of attraction


   Skills:
 + Level 4.3 Fighting
 * Level 6.3 Ranged Weapons
 + Level 3.3 Armour
 - Level 1.8 Dodging
 - Level 1.4 Stealth
 + Level 4.1 Shields


You had 6 spell levels left.
You didn't know any spells.
Your spell library contained the following spells:

 Spells                   Type           Power      Damage    Failure   Level
 Manifold Assault         Tloc           0%         N/A       99%         4
 Dispersal                Tloc           0%         N/A       100%        6
 Disjunction              Tloc           0%         N/A       100%        8


Dungeon Overview and Level Annotations

Branches:
Dungeon (6/15)              Sewer (visited)
 Temple: D:4-7

Altars:

Shops:
D:1 (


Innate Abilities, Weirdness & Mutations

You cannot be hasted, slowed, berserked, paralysed or teleported.
You can dig through walls and to a lower floor.
You have a pair of large antennae on your head. (SInv)
Your four strong arms can wield two-handed weapons with a shield.


Message History

The orc priest is almost dead.
The orc priest hits you with a +0 war axe.
* * * LOW HITPOINT WARNING * * *
Fire: a) +0 shortbow
Press: ? - help, Shift-Dir - straight line, f/p - orc wizard
Aim: an orc wizard, wielding a +0 dagger and wearing a +0 robe (slightly transparent, 60% to hit)
You shoot an arrow. The arrow barely misses the orc priest.
The arrow hits the orc wizard!
The orc wizard is heavily wounded.
You block the orc priest's attack.
The orc priest begins to cast a cantrip, but forgets the words!
Fire: a) +0 shortbow
Press: ? - help, Shift-Dir - straight line, f/p - orc wizard
Aim: an orc wizard, wielding a +0 dagger and wearing a +0 robe (heavily wounded, slightly transparent, 60% to hit)
You shoot an arrow. The arrow hits the orc priest.
The orc priest is almost dead.
The orc priest barely misses you.
Fire: a) +0 shortbow
Press: ? - help, Shift-Dir - straight line, f/p - orc wizard
Aim: an orc wizard, wielding a +0 dagger and wearing a +0 robe (heavily wounded, slightly transparent, 60% to hit)
You shoot an arrow. The arrow hits the orc priest.
You kill the orc priest!
The orc wizard gestures at you while chanting.
The puff of flame hits you.
* * * LOW HITPOINT WARNING * * *
Fire: a) +0 shortbow
Press: ? - help, Shift-Dir - straight line, f/p - orc wizard
Aim: an orc wizard, wielding a +0 dagger and wearing a +0 robe (heavily wounded, slightly transparent, 60% to hit)
You shoot an arrow. The arrow hits the orc wizard.
The orc wizard is almost dead.
Fire: a) +0 shortbow
Press: ? - help, Shift-Dir - straight line, f/p - orc wizard
Aim: an orc wizard, wielding a +0 dagger and wearing a +0 robe (almost dead, slightly transparent, 60% to hit)
You shoot an arrow. The arrow misses the orc wizard.
The arrow hits the orc!
You kill the orc!
The orc wizard points at you and mumbles some strange words.
The puff of flame hits you.
* * * LOW HITPOINT WARNING * * *
The orc wizard hits you with a +0 dagger.
You die...

...........#.............
.........#.#.....##..####
.......#.#...........#
.......#.####...####.####
........................#
.......#.#######.#......>
.......#)# #.#.####.#
.o.....#o# #.#.#....#
.o..oo.#@#######.#.#....#
......##.........#.####.#
...... ########..#.# #.#
...... ####.# #.# ..# #.#
########.# #........#
#.######## #.........


You could see an orc wizard (invisible).

Vanquished Creatures
  2 bullfrogs (Sewer)
  A necrophage (D:6)
  2 orc priests (D:6)
  A jelly (D:6)
  5 gnolls
  8 adders
  10 river rats
  2 worms
  2 dart slugs (D:1)
  2 orcs
  20 ball pythons
  4 bats (D:2)
  2 endoplasms
  A goblin (D:2)
  5 hobgoblins
  4 jackals (D:1)
  5 kobolds (D:1)
  3 quokkas
  2 frilled lizards
  30 rats
111 creatures vanquished.

Notes
Turn   | Place    | Note
-------+----------+-------------------------------------------
     0 | D:1      | purpskrrrp the Formicid Hunter began the quest for the Orb.
     0 | D:1      | Reached XP level 1. HP: 16/16 MP: 1/1
    36 | D:1      | Found Toteum's Antique Weapon Shoppe.
   156 | D:1      | Reached XP level 2. HP: 23/23 MP: 2/2
   180 | D:1      | Reached skill level 1 in Shields
   197 | D:1      | Reached XP level 3. HP: 25/28 MP: 3/3
   255 | D:1      | Reached skill level 1 in Armour
  1012 | D:2      | Reached XP level 4. HP: 34/34 MP: 4/4
  1421 | D:2      | Reached XP level 5. HP: 41/41 MP: 5/5
  2012 | D:3      | Reached skill level 5 in Ranged Weapons
  2236 | D:3      | Reached XP level 6. HP: 32/47 MP: 6/6
  2292 | D:3      | Found a glowing drain.
  2332 | Sewer    | Entered a sewer
  2615 | Sewer    | Reached XP level 7. HP: 19/53 MP: 7/7
  2901 | D:3      | Identified the +3 ring mail "Yklazui" {rC- Str+8}
  2921 | D:3      | You fall into a shaft and drop 3 floors!
  2991 | D:6      | Reached skill level 6 in Ranged Weapons
  3056 | D:6      | HP: 1/55 [orc wizard/puff of flame (6)]
  3056 | D:6      | Slain by an orc wizard

Illustrated notes

Levels and vault maps discovered:
D:1:      enne_arrival_octagon_isle, layout_loops_ring, serial_shops,
          nicolae_shop_hallway_stairs, nrook_campfire
D:2:      layout_basic
D:3:      layout_basic, lightli_sewer_entry_pipes, uniq_grinder, uniq_natasha
D:6:      layout_basic, mainiacjoe_overflow_six_doors_small,
          gammafunk_ghost_necromancy

Skill      XL: |  1  2  3  4  5  6  7 |
---------------+----------------------+-----
Shields        | 1 2 3 4 |  4.1
Armour         | 1 2 3 |  3.3
Fighting       | 3 4 |  4.3
Ranged Weapons | 5 6 |  6.3
Dodging        | |  1.8
Stealth        | |  1.4

Action                   |  1- 3 |  4- 6 |  7- 9 || total
-------------------------+-------+-------+-------++-------
 Fire: Shortbow          |    69 |   202 |    39 ||   310
  Use: Scroll            |       |    10 |     2 ||    12
       Potion            |       |     3 |     1 ||     4
Armor: Leather armour    |     4 |    21 |     1 ||    26
Dodge: Dodged            |    14 |   103 |    19 ||   136
Block: Buckler           |     3 |    53 |     4 ||    60

Table legend: (Time is in decaauts)
 A = Elapsed time spent in this place.
 B = Non-inter-level travel time spent in this place.
 C = Inter-level travel time spent in this place.
 D = Time resting spent in this place.
 E = Time spent auto-exploring this place.
 F = Levels seen in this place.
 G = Mean time per level.
                   A        B        C        D        E       F      G
               +--------+--------+--------+--------+--------+-----+--------+
         Total |   3238 |   3122 |    116 |    316 |   2151 |   5 |  647.6 |
       Dungeon |   2652 |   2536 |    116 |    166 |   1989 |   4 |  663.0 |
         Sewer |    585 |    585 |      0 |    150 |    162 |   1 |  585.0 |
               +--------+--------+--------+--------+--------+-----+--------+

Top non-repeatable levels by time:
     D:2: 1127 daAuts
     D:1: 826 daAuts
   Sewer: 585 daAuts
     D:3: 559 daAuts
     D:6: 139 daAuts
